 Dungeon Crawl Stone Soup version 0.29-a0-845-g6161e89988 (webtiles) character file.

Game seed: 10399931830685604851

86 jimonade the Shooter (level 4, -6/38 HPs)
             Began as a Minotaur Hunter on July 15, 2022.
             Mangled by a gnoll
             ... wielding a +0 halberd
              (13 damage)
             ... on level 4 of the Dungeon.
             The game lasted 00:03:18 (2292 turns).

jimonade the Shooter (Minotaur Hunter)              Turns: 2292, Time: 00:03:19

Health: -6/38      AC:  4    Str: 16    XL:     4   Next: 27%
Magic:  3/3        EV: 12    Int:  6    God:
Gold:   158        SH:  0    Dex: 15    Spells: 3/3 levels left

rFire   . . .      SeeInvis .   a - +0 shortbow
rCold   . . .      Faith    .   (shield currently unavailable)
rNeg    . . .      Spirit   .   c - +0 leather armour
rPois   .          Reflect  .   (helmet restricted)
rElec   .          Harm     .   w - +0 cloak
rCorr   .          Rampage  .   (no gloves)
Will    .....                   (no boots)
Stlth   +.........              (no amulet)
HPRegen 0.12/turn               (no ring)
MPRegen 0.08/turn               (no ring)

@: no status effects
A: horns 2, retaliatory headbutt
a: no special abilities


You were on level 4 of the Dungeon.
You visited 1 branch of the dungeon, and saw 4 of its levels.

You collected 158 gold pieces.

Inventory:

Hand Weapons
 a - a +0 shortbow (weapon)
 b - a +0 hand axe of venom
 d - a +0 spear
 g - a +2 executioner's axe of freezing
Missiles
 s - 4 poisoned darts
 x - 6 boomerangs
Armour
 c - a +0 leather armour (worn)
 o - a +0 ring mail
 t - an orb of light
 w - a +0 cloak (worn)
Scrolls
 e - 4 scrolls of identify {unknown}
 f - a scroll of immolation
 h - 3 scrolls of noise {unknown}
 i - a scroll of teleportation {unknown}
 j - 2 scrolls of fog {unknown}
 m - 3 scrolls of brand weapon {unknown}
 p - a scroll of blinking {unknown}
 q - 3 scrolls of enchant armour {unknown}
 v - a scroll of fear {unknown}
Potions
 k - 2 potions of curing {unknown}
 l - 2 potions of haste {unknown}
 n - a potion of magic {unknown}
 r - a potion of degeneration {unknown}
 u - a potion of mutation {unknown}


   Skills:
 * Level 3.5 Fighting
 + Level 5.8 Ranged Weapons
 + Level 0.9 Armour
 + Level 2.2 Dodging
 - Level 0.7 Stealth


You had 3 spell levels left.
You didn't know any spells.
Your spell library contained the following spells:

 Spells                   Type           Power      Damage    Failure   Level
 Sandblast                Erth           0%         2d4       52%         1
 Passwall                 Tmut/Erth      0%         N/A       67%         2
 Ignite Poison            Fire/Tmut/Pois 0%         N/A       88%         3
 Mephitic Cloud           Conj/Pois/Air  0%         N/A       88%         3
 Stone Arrow              Conj/Erth      0%         3d7       88%         3
 Blade Hands              Tmut           0%         N/A       100%        5
 Freezing Cloud           Conj/Ice/Air   0%         6-21      100%        5
 Irradiate                Conj/Tmut      0%         3d11      100%        5
 Dragon Form              Tmut           0%         N/A       100%        7


Dungeon Overview and Level Annotations

Branches:
Dungeon (4/15)
 Temple: D:4-7

Altars:


Innate Abilities, Weirdness & Mutations

You have a pair of horns on your head.
You reflexively headbutt those who attack you in melee.


Message History

You kill the gnoll!
The gnoll barely misses you.
You have reached level 4!
You feel stronger.
You shoot an arrow. The arrow hits the gnoll!
The gnoll is severely wounded.
The gnoll completely misses you. The gnoll closely misses you. x2
You shoot an arrow. The arrow closely misses the gnoll.
The gnoll hits you from afar with a +0 halberd.
The gnoll hits you with a +0 whip.
You shoot an arrow. The arrow hits the gnoll!
You kill the gnoll!
The gnoll hits you from afar with a +0 halberd.
The gnoll hits you with a +0 club.
You shoot an arrow. The arrow hits the gnoll.
The gnoll is lightly wounded.
The gnoll closely misses you.
You shoot an arrow. The arrow hits the gnoll.
The gnoll is heavily wounded.
The gnoll barely misses you.
The gnoll hits you from afar with a +0 halberd!
The gnoll closely misses you. The gnoll hits you but does no damage.
You are too injured to fight recklessly!
You are too injured to fight recklessly!
You are too injured to fight recklessly!
Unknown command.
Fire: a) +0 shortbow
Press: ? - help, Q - select action, (/) - cycle Shift-Dir - straight line, f/p - gnoll
Aim: a gnoll, wielding a +0 club (heavily wounded, 65% to hit)
You shoot an arrow. The arrow barely misses the gnoll.
The gnoll misses you.
The gnoll hits you from afar with a +0 halberd!
* * * LOW HITPOINT WARNING * * *
Fire: a) +0 shortbow
Press: ? - help, Q - select action, (/) - cycle Shift-Dir - straight line, f/p - gnoll
Aim: a gnoll, wielding a +0 club (heavily wounded, 65% to hit)
You shoot an arrow. The arrow hits the gnoll.
The gnoll is heavily wounded.
The gnoll hits you from afar with a +0 halberd!
You die...

#...)###
#<.#...###..
####........
#..#.....
#..##...#
#..# ..##
#..# ## #..#
#.@# #.g)..#
####g.# #...
#.... ....
... ..


You could see 2 gnolls.

Vanquished Creatures
  2 adders (D:3)
  2 gnolls (D:4)
  A worm (D:2)
  A dart slug (D:3)
  3 bats
  5 endoplasms
  2 giant cockroaches
  2 hobgoblins (D:1)
  A quokka (D:1)
  3 ball pythons
  2 frilled lizards (D:1)
  6 goblins
  5 kobolds
  9 rats
44 creatures vanquished.

Notes
Turn   | Place    | Note
-------+----------+-------------------------------------------
     0 | D:1      | jimonade the Minotaur Hunter began the quest for the Orb.
     0 | D:1      | Reached XP level 1. HP: 18/18 MP: 0/0
   215 | D:1      | Found a faded altar of an unknown god.
   298 | D:1      | Reached XP level 2. HP: 21/25 MP: 1/1
   423 | D:1      | Reached skill level 5 in Ranged Weapons
  1139 | D:2      | Reached XP level 3. HP: 30/30 MP: 2/2
  2286 | D:4      | Reached XP level 4. HP: 38/38 MP: 3/3
  2292 | D:4      | Mangled by a gnoll

Illustrated notes

Levels and vault maps discovered:
D:1:      tarquinn_simple_flora_water_b, layout_basic,
          hellmonk_ecumenical_altar_heavens_door, minmay_misc_feat_tiny
D:2:      layout_loops_ring, nicolae_elevator_lobby_plus
D:3:      layout_basic
D:4:      layout_layer_cave, uniq_ijyb, uniq_pikel

Skill      XL: |  1  2  3 |
---------------+----------+-----
Ranged Weapons | 5 |  5.8
Fighting       | 3 |  3.5
Armour         | |  0.9
Dodging        | |  2.2
Stealth        | |  0.7

Action                   |  1- 3 |  4- 6 || total
-------------------------+-------+-------++-------
 Fire: Shortbow          |   115 |     7 ||   122
Armor: Leather armour    |     9 |     1 ||    10
Dodge: Dodged            |    26 |     7 ||    33

Table legend: (Time is in decaauts)
 A = Elapsed time spent in this place.
 B = Non-inter-level travel time spent in this place.
 C = Inter-level travel time spent in this place.
 D = Time resting spent in this place.
 E = Time spent auto-exploring this place.
 F = Levels seen in this place.
 G = Mean time per level.
                   A        B        C        D        E       F      G
               +--------+--------+--------+--------+--------+-----+--------+
         Total |   2324 |   2272 |     52 |      0 |   1963 |   4 |  581.0 |
       Dungeon |   2324 |   2272 |     52 |      0 |   1963 |   4 |  581.0 |
               +--------+--------+--------+--------+--------+-----+--------+

Top non-repeatable levels by time:
     D:1: 836 daAuts
     D:3: 773 daAuts
     D:2: 679 daAuts
     D:4: 36 daAuts
